 Dungeon Crawl Stone Soup version 0.29.1-12-g30fa7ad0bf (webtiles) character file.

Game seed: 481097492100079864

687 raph the Basher (level 7, 0/57 HPs)
             Began as a Minotaur Fighter on Jan 1, 2023.
             Was a Believer of Zin.
             Slain by an orc priest
             ... wielding a +0 trident
              (4 damage)
             ... on level 5 of the Dungeon.
             The game lasted 00:07:03 (5131 turns).

raph the Basher (Minotaur Fighter)                  Turns: 5131, Time: 00:07:04

Health: 0/57       AC:  8    Str: 21    XL:     7   Next: 35%
Magic:  4/6        EV:  9    Int:  6    God:    Zin [**....]
Gold:   74         SH:  5    Dex: 13    Spells: 6/6 levels left

rFire   . . .      SeeInvis .   a - +2 flail (protect)
rCold   . . .      Faith    .   c - +0 buckler
rNeg    . . .      Spirit   .   b - +0 scale mail
rPois   ∞          Reflect  .   (helmet restricted)
rElec   .          Harm     .   (no cloak)
rCorr   +          Rampage  .   (no gloves)
Will    .....                   o - +0 pair of boots
Stlth   ..........              (no amulet)
HPRegen 0.19/turn               j - ring of flight
MPRegen 0.10/turn               i - ring of resist corrosion

@: vitalised, on berserk cooldown, flying, slowed, very slow
A: horns 2, retaliatory headbutt
a: Renounce Religion, Recite, Vitalisation, Donate Gold


You were on level 5 of the Dungeon.
You worshipped Zin.
Zin was pleased with you.
You visited 1 branch of the dungeon, and saw 5 of its levels.

You collected 233 gold pieces.
You spent 135 gold pieces at shops.
You donated 24 gold pieces to Zin.

Inventory:

Hand Weapons
 a - a +2 flail of protection (weapon)
Missiles
 e - 47 stones
 q - 8 poisoned darts (quivered)
 r - 2 boomerangs
Armour
 b - a +0 scale mail (worn)
 c - a +0 buckler (worn)
 o - a +0 pair of boots (worn)
Jewellery
 i - a ring of resist corrosion (right hand)
 j - a ring of flight (left hand)
 u - a ring of wizardry
Wands
 l - a wand of charming (9)
Scrolls
 g - 5 scrolls of identify
 h - 3 scrolls of teleportation
 k - a scroll of butterflies
 p - a scroll of poison
Potions
 d - a potion of might
 m - 3 potions of curing
 n - a potion of haste
 s - a potion of brilliance
 t - a potion of cancellation


   Skills:
 - Level 3.6 Fighting
 + Level 10.0 Maces & Flails
 - Level 3.6 Armour
 - Level 3.6 Shields


You had 6 spell levels left.
You didn't know any spells.
Your spell library was empty.

Dungeon Overview and Level Annotations

Branches:
Dungeon (5/15)
 Temple: D:4-7

Altars:
Ashenzari
Dithmenos
Elyvilon
Gozag
Hepliaklqana
Uskayaw
Vehumet
Xom
Yredelemnul
Zin

Shops:
D:3 *

Annotations:
D:2 dig


Innate Abilities, Weirdness & Mutations

You have a pair of horns on your head.
You reflexively headbutt those who attack you in melee.


Message History

The orc wizard is severely wounded.
The orc wizard closely misses you.
The orc priest hits you but does no damage.
You bump into the rock wall.
You feel a strong urge to attack something.
You feel less confused.
You are no longer berserk.
You are exhausted.
You feel yourself slow down. The orc wizard barely misses you.
You block the orc priest's attack.
You barely miss the orc wizard. Your headbutt misses the orc wizard.
The orc wizard is severely wounded.
The orc wizard gestures at you while chanting.
The magic dart hits you but does no damage.
The orc priest calls down the wrath of Beogh upon you.
Beogh smites you!
* * * LOW HITPOINT WARNING * * *
You sock the orc wizard!
Your weapon exudes an aura of protection.
You kill the orc wizard!
The orc priest hits you but does no damage.
Your Maces & Flails skill increases to level 10!
You barely miss the orc. Your headbutt misses the orc.
The orc hits you but does no damage. The orc priest barely misses you.
The orc priest hits you but does no damage.
You block the orc's attack.
You barely miss the orc. You block the orc's attack.
The orc priest hits you from afar with a +0 trident.
* * * LOW HITPOINT WARNING * * *
You barely miss the orc. The orc hits you with a +0 hand axe.
* * * LOW HITPOINT WARNING * * *
You block the orc priest's attack.
Okay, then.
Okay, then.
Zin grants you divine stamina. The orc hits you with a +0 hand axe.
* * * LOW HITPOINT WARNING * * *
The orc priest hits you from afar with a +0 trident.
* * * LOW HITPOINT WARNING * * *
The orc priest hits you from afar with a +0 trident.
You die...

#........#.#...#
...#.......#...#.#
.. +..._...+...#.#
#.......#...#.#
#..........###.#
#.........#.)..#
#⌠.##+##.⌠#..###
####...####.##
#.....)o@#
....#.o##.# ## .
#.# #.# .. ... ..#
.. ##. ... .. #.
#..# .. # ### ..
##


You could see an orc priest and an orc.

Vanquished Creatures
  An ogre (D:4)
  A phantom (D:4)
  2 scorpions
  A water moccasin skeleton (D:4)
  A bullfrog zombie (D:4)
  A jelly (D:5)
  An orc wizard (D:5)
  2 hound zombies (D:4)
  A hound skeleton (D:4)
  7 gnolls
  6 adders
  A white imp (D:5)
  3 adder zombies (D:4)
  An adder skeleton (D:4)
  6 worms
  A dart slug (D:2)
  3 orcs
  4 ball pythons
  12 bats
  7 endoplasms
  3 giant cockroaches
  4 hobgoblins
  2 quokkas
  3 frilled lizards
  7 goblins
  5 kobolds
  4 rats
90 creatures vanquished.

Vanquished Creatures (others)
  A plant (D:4)
  A withered plant (D:4)
2 creatures vanquished.

Grand Total: 92 creatures vanquished

Notes
Turn   | Place    | Note
-------+----------+-------------------------------------------
     0 | D:1      | raph the Minotaur Fighter began the quest for the Orb.
     0 | D:1      | Reached XP level 1. HP: 19/19 MP: 0/0
   409 | D:1      | Reached skill level 3 in Maces & Flails
   500 | D:1      | Reached XP level 2. HP: 26/26 MP: 1/1
   909 | D:1      | Reached skill level 4 in Maces & Flails
  1210 | D:2      | Reached XP level 3. HP: 24/31 MP: 2/2
  1279 | D:2      | You fall into a shaft and drop 1 floor!
  1329 | D:3      | Found Quonkip's Assorted Antiques.
  1366 | D:3      | Bought a long wooden wand for 60 gold pieces
  1778 | D:2      | Reached skill level 5 in Maces & Flails
  1904 | D:2      | Reached XP level 4. HP: 39/39 MP: 3/3
  2007 | D:2      | Found a shadowy altar of Dithmenos.
  2748 | D:3      | Found a hazy altar of Hepliaklqana.
  2753 | D:3      | Found a radiant altar of Vehumet.
  2761 | D:3      | Found a basalt altar of Yredelemnul.
  2762 | D:3      | Found a hide-covered altar of Uskayaw.
  2762 | D:3      | Found a glowing silver altar of Zin.
  2763 | D:3      | Found a shimmering altar of Xom.
  2765 | D:3      | Found a white marble altar of Elyvilon.
  2767 | D:3      | Found an opulent altar of Gozag.
  2778 | D:3      | Became a worshipper of Zin the Law-Giver
  3038 | D:3      | Bought a moonstone ring for 75 gold pieces
  3422 | D:4      | Reached skill level 6 in Maces & Flails
  3486 | D:4      | Donated 7 gold pieces to Zin
  3528 | D:4      | Noticed an ogre
  3542 | D:4      | Killed an ogre
  3543 | D:4      | Reached skill level 7 in Maces & Flails
  3543 | D:4      | Reached XP level 5. HP: 9/45 MP: 4/4
  3924 | D:4      | Noticed a phantom
  3937 | D:4      | Killed a phantom
  3938 | D:4      | Reached skill level 8 in Maces & Flails
  3938 | D:4      | Reached XP level 6. HP: 48/51 MP: 5/5
  3942 | D:4      | Reached * piety under Zin
  4113 | D:4      | Reached skill level 9 in Maces & Flails
  4207 | D:4      | Reached ** piety under Zin
  4351 | D:4      | Reached XP level 7. HP: 34/57 MP: 6/6
  4652 | D:5      | Entered Level 5 of the Dungeon
  5087 | D:5      | Found a broken altar of Ashenzari.
  5128 | D:5      | Reached skill level 10 in Maces & Flails
  5131 | D:5      | Slain by an orc priest

Illustrated notes

Levels and vault maps discovered:
D:1:      dpeg_arrival_court, layout_loops_corners, minmay_pentomino_p4
D:2:      layout_loops_ring, basic_altar, minmay_surrounded
D:3:      layout_basic, minitemple, serial_shops, shop
D:4:      minmay_evil_eye, layout_cave_pods, serial_undead, serial_undead_c,
          serial_undead_b, serial_undead_a, serial_undead_d, serial_undead_a,
          nrook_mini_vaults, serial_bayou_pond_d, corexii_hall_statues_x
D:5:      layout_layer_cave, evilmike_ruin_ashenzari

Skill      XL: |  1  2  3  4  5  6  7 |
---------------+----------------------+-----
Maces & Flails | 3 4 5 7 8 9 10 | 10.0
Fighting       | |  3.6
Armour         | |  3.6
Shields        | |  3.6

Action                   |  1- 3 |  4- 6 |  7- 9 || total
-------------------------+-------+-------+-------++-------
Melee: Flail             |    88 |   103 |    42 ||   233
       Headbutt          |    12 |    16 |     2 ||    30
Throw: Dart              |       |     6 |       ||     6
Invok: Donate Gold       |       |     1 |       ||     1
       Recite            |       |       |     2 ||     2
       Vitalisation      |       |       |     1 ||     1
  Use: Scroll            |       |    14 |     2 ||    16
       Potion            |       |     1 |     1 ||     2
Armor: Scale mail        |    40 |    45 |    27 ||   112
Dodge: Dodged            |    37 |    38 |    15 ||    90
Block: Buckler           |    14 |    23 |    12 ||    49
